AoeStats
← Kulishaak

Arena

506674151Analyzed
1v1 RM · 16d ago on Sep 14, 2026· 49m 16s· 2 players
Game mode
Random Map
Map size
Tiny (2 player)
Population
200
Speed
Normal
Resources
Standard
Victory
Conquest
Starting age
Dark Age
Ending age
Imperial Age
RankedLock teamsTeams togetherTeam positionsShared explorationLock speedFull tech treeHidden civsTurbo modeCheats
Victory
Defeat
🇳🇱 Burgundians · Netherlands
1226
+14
🇨🇿 Armenians · Czechia
1174
-14
Kulishaak
1:44 Loom
11:26 Feudal Age
15:43 Castle Age
14:05 Double-Bit Axe
16:09 Man-at-Arms
17:00 Scale Mail Armor
17:54 Gold Mining
19:43 Squires
21:11 Horse Collar
21:49 Arson
23:31 Long Swordsman
24:09 Gambesons
25:39 Wheelbarrow
25:23 Forging
26:00 Two-Handed Swordsman
33:02 Imperial Age
31:04 Chain Mail Armor
31:16 Hand Cart
30:41 Pikeman
31:26 Stone Mining
32:03 Bow Saw
32:21 Sanctity
33:10 Champion
34:48 Gold Shaft Mining
34:04 Town Watch
34:58 Masonry
36:01 Plate Mail Armor
35:04 Capped Ram
36:01 Fletching
37:19 Fereters
37:39 Halberdier
39:11 Fortified Wall
39:08 Fletching
43:07 Ballistics
48:13 Iron Casting
willieniet
3:45 Double-Bit Axe
6:25 Horse Collar
11:37 Feudal Age
15:16 Castle Age
13:58 Bow Saw
15:50 Wheelbarrow
23:28 Devotion
25:24 Heavy Plow
25:43 Loom
25:44 Town Watch
26:14 Fortified Wall
27:15 Two-Man Saw
30:06 Imperial Age
29:26 Scale Mail Armor
29:37 Forging
29:17 Fletching
30:40 Squires
30:25 Arson
31:19 Chain Mail Armor
31:39 Iron Casting
31:27 Ballistics
31:18 Masonry
30:34 Capped Ram
32:06 Husbandry
31:28 Light Cavalry
32:46 Crop Rotation
33:10 Redemption
34:20 Plate Mail Armor
34:51 Blast Furnace
34:56 Hussar
35:44 Scale Barding Armor
35:35 Bodkin Arrow
36:46 Chemistry
38:02 Chain Barding Armor
38:32 Conscription
38:19 Burgundian Vineyards
38:51 Hoardings
39:08 Cavalier
43:07 Plate Barding Armor
42:33 Bracer
43:00 Guilds
45:00 Stone Mining
45:00 Gold Mining
45:55 Paladin
48:18 Stone Shaft Mining
48:19 Gold Shaft Mining
48:02 Hand Cart
47:47 Town Patrol
Connection lost

Rejoining the realm…

Still unreachable

The connection could not be restored.

Session expired

The server has moved on; the page needs a fresh start.